 Dungeon Crawl Stone Soup version 0.19.0-24-gb05acd6 (webtiles) character file.

74 Ice the Charlatan (level 3, -7/28 HPs)
             Began as a Demigod Artificer on Nov 22, 2016.
             Mangled by an orc
             ... wielding a +0 hand axe of electrocution
              (13 damage)
             ... on level 3 of the Dungeon.
             The game lasted 00:10:40 (1796 turns).

Ice the Charlatan (Demigod Artificer)               Turns: 1796, Time: 00:10:40

Health: -7/28      AC:  9    Str: 17    XL:     3   Next: 86%
Magic:  8/8        EV:  7    Int: 15    God:
Gold:   82         SH:  0    Dex: 16    Spells: 0 memorised, 2 levels left

rFire  . . .     SeeInvis .     s - +0 flail
rCold  . . .     Gourm    .     r - +0 chain mail
rNeg   . . .     Faith    .     (no shield)
rPois  .         Spirit   .     (no helmet)
rElec  .         Reflect  .     (no cloak)
rCorr  .         Harm     .     (no gloves)
MR     .....                    i - +0 pair of boots
Stlth  ..........               (no amulet)
                                (no ring)
                                (no ring)

@: no status effects
A: high mp 1
a: no special abilities


You were on level 3 of the Dungeon.
You were not hungry.

You visited 1 branch of the dungeon, and saw 3 of its levels.

You collected 82 gold pieces.

Inventory:

Hand Weapons
 a - a +1 short sword
 s - a +0 flail (weapon)
Missiles
 h - 26 stones (quivered)
 q - 26 arrows
Armour
 b - a +0 leather armour
 i - a +0 pair of boots (worn)
 r - a +0 chain mail (worn)
Jewellery
 g - a +3 ring of slaying {unknown}
Wands
 c - a wand of flame (6/48)
 d - a wand of enslavement (15/24)
 e - a wand of random effects (13/48)
Scrolls
 n - 2 scrolls of magic mapping
 o - a scroll of remove curse
Potions
 j - a potion of lignification {unknown}
 k - a potion of mutation {unknown}
 t - a potion of cure mutation {unknown}
Comestibles
 f - 2 bread rations
 l - 2 meat rations
 m - 11 chunks of flesh
 p - a beef jerky


   Skills:
 - Level 1.5 Fighting
 - Level 0.8 Short Blades
 + Level 0.1 Armour
 - Level 2.0 Dodging
 - Level 0.8 Stealth
 - Level 4.1 Evocations


You had 2 spell levels left.
You didn't know any spells.

Dungeon Overview and Level Annotations

Branches:
Dungeon (3/15)


Innate Abilities, Weirdness & Mutations

You have an increased reservoir of magic. (+10% MP)


Message History

t - a bubbling golden potion An orc comes into view.
It is wielding a hand axe of electrocution.
The orc shouts!
Throwing (i - inventory):
h - 28 stones (quivered)
Press: ? - help, Shift-Dir - straight line, f - orc
Aim: an orc, wielding a hand axe of electrocution You throw a stone.
The stone barely misses the orc.
Throwing (i - inventory):
h - 27 stones (quivered)
Press: ? - help, Shift-Dir - straight line, f/p - orc
Aim: an orc, wielding a hand axe of electrocution You throw a stone.
The stone barely misses the orc.
Your chain mail prevents you from hitting the orc.
The orc hits you with a hand axe of electrocution.
You are electrocuted!
Ouch! That really hurt!
You closely miss the orc.
The orc hits you with a hand axe of electrocution.
* * * LOW HITPOINT WARNING * * *
You are electrocuted!
You die...

........
.........#
.........#
.........#
<........#
.........# #+#
.........#
###.#####
...<.....#
#..(o.(.#
..<....>.#
#.#@## #
####....##
#....##.###.#
####.#
#.......>...#
#.#
#....##.#####
#.######.#..##.#
#..............#
################


You could see an orc.

Vanquished Creatures
  An adder (D:2)
  An ooze (D:2)
  2 worms (D:2)
  2 dart slugs
  A leopard gecko (D:1)
  An orc (D:3)
  3 giant cockroaches
  3 goblins
  5 hobgoblins
  5 jackals
  A quokka (D:2)
  3 bats (D:2)
  3 frilled lizards
  10 kobolds
  6 rats
47 creatures vanquished.

Notes
Turn   | Place    | Note
-------+----------+-------------------------------------------
     0 | D:1      | Ice the Demigod Artificer began the quest for the Orb.
     0 | D:1      | Reached XP level 1. HP: 15/15 MP: 5/5
   244 | D:1      | Reached skill level 3 in Evocations
   290 | D:1      | Reached XP level 2. HP: 18/22 MP: 6/6
   842 | D:2      | Reached XP level 3. HP: 27/27 MP: 8/8
  1136 | D:2      | Reached skill level 4 in Evocations
  1156 | D:2      | Reached skill level 1 in Fighting
  1796 | D:3      | Mangled by an orc

Skill      XL: |  1  2  3 |
---------------+----------+-----
Dodging        | 2 |  2.0
Evocations     | 3 4 |  4.1
Fighting       | 1 |  1.5
Short Blades   | |  0.8
Armour         | |  0.1
Stealth        | |  0.8

Action                   || total
-------------------------++-------
Melee: Mace              ||   143
       Flail             ||     3
Throw: Throwing net      ||     2
       Stone             ||    74
Evoke: Wand              ||    11
  Use: Scroll            ||     4
       Potion            ||     2
  Eat: Chunk             ||     3
Armor: Leather armour    ||    41
Dodge: Dodged            ||   117
